Unix NetHack Version 5.0.0-0 post-release - last build May 23 2026 06:08:33 (1c0ff79ee797540d5714e4e18072db0edd9e58ae,branch:main).

Game began 2026-05-24 00:13:28, ended 2026-05-24 00:17:05.

Ch3Begorrah, chaotic male human Rogue

                                                    ---
                                                     .---
                                                     . .|
                                                    -. .--
                                                    |.|G.--
                                                  ---.|...|
                                          ---------..<.)..--
                                      -G............[..@d..|
                                      -     -------.|..G......|
                                                  --|.....| ..|
                                                    |...---  --
                                                    |.---
                                                    -.|
                                                     .|
                                                     --

Ch3Begorrah the Footpad  St:14 Dx:18 Co:17 In:9 Wi:10 Ch:8  Chaotic
Dlvl:3  $:17 HP:0(16) Pw:5(5) AC:6  Xp:2 T:634 

Latest messages:
 You throw 2 daggers.
 The 1st dagger hits the red mold.
 The 2nd dagger hits the red mold.
 You kill the red mold!
 p - 3 +0 daggers (at the ready) (12 in total).
 You see here a scroll labeled PRIRUTSENIE.
 The little dog picks up a scroll labeled PRIRUTSENIE.
 You miss the grid bug.
 You hit the grid bug.
 The grid bug bites!
 You avoid harm.
 You kill the grid bug!
 The little dog drops a scroll labeled PRIRUTSENIE.
 There is a doorway here.
 You see here a scroll labeled PRIRUTSENIE.
 q - a scroll labeled PRIRUTSENIE.
 What do you want to name? [a-q or ?*] o
 What do you want to name this yellowish brown gem? 
 What do you want to name? [a-q or ?*] q
 What do you want to name this scroll labeled PRIRUTSENIE? ok
 You swap places with your little dog.
 The little dog misses the newt.
 You hit the newt.
 The newt bites!
 The little dog bites the newt.
 The newt is killed!
 You feel strong!
 You must have been exercising diligently.
 You descend the stairs.
 The little dog bites the gnome.
 The gnome is killed!
 r - a candle.
 You hit the gnome lord.
 The little dog misses the gnome lord.
 The gnome lord wields 4 daggers!
 The gnome lord shoots 2 arrows!
 You are hit by the 1st arrow.
 You are almost hit by the 2nd arrow.
 The little dog misses the gnome lord.
 You hit the gnome lord.
 The little dog misses the gnome lord.
 You hit the gnome lord.
 The little dog bites the gnome lord.
 The gnome lord thrusts one of his daggers.
 The gnome lord hits!
 The gnome lord shoots 2 arrows!
 You are hit by the 1st arrow.
 You are hit by the 2nd arrow!
 You die...
 Do you want your possessions identified? [ynq] (y) q

Inventory:
 Coins    ('$')
  $ - 17 gold pieces
 Weapons  (')')
  b - a +0 dagger (alternate weapon; not wielded)
  p - 12 +0 daggers (at the ready)
  a - a +0 short sword (weapon in right hand)
 Armor    ('[')
  k - a blessed +0 orcish helm (being worn)
  l - an uncursed +0 orcish cloak (being worn)
  c - an uncursed +1 leather armor (being worn)
 Comestibles  ('%')
  m - 3 uncursed food rations
 Scrolls  ('?')
  n - an uncursed scroll of light
  q - an uncursed scroll of remove curse named ok
 Spellbooks  ('+')
  h - an uncursed spellbook of light
 Potions  ('!')
  i - 2 cursed potions of healing
  d - an uncursed potion of sickness
 Wands    ('/')
  j - a wand of digging (0:6)
 Tools    ('(')
  f - an empty uncursed sack
  g - a crystal ball (0:5)
  e - an uncursed lock pick
  r - an uncursed tallow candle
 Gems/Stones  ('*')
  o - an uncursed worthless piece of yellowish brown glass

Ch3Begorrah the Rogue's attributes:

Background:
 You were a Footpad, a level 2 male human Rogue.
 You were chaotic, on a mission for Kos
 who was opposed by Issek (lawful) and Mog (neutral).
 You were right-handed.
 You were in the Gnomish Mines, on level 3.
 You entered the dungeon 634 turns ago.
 It was the midnight hour.
 You had 37 experience points, 3 more were needed to attain level 3.

Basics:
 You had 0 out of 16 hit points.
 You had all 5 energy points (spell power).
 Your armor class was 6.
 Your wallet contained 17 zorkmids.
 Autopickup was on for '$!/(' plus thrown, with exceptions.

Final Characteristics:
 Your strength was 14 (limit:18/100).
 Your dexterity was 18 (limit:18).
 Your constitution was 17 (limit:18).
 Your intelligence was 9 (limit:18).
 Your wisdom was 10 (limit:18).
 Your charisma was 8 (limit:18).

Final Status:
 You weren't hungry.
 You were unencumbered.
 You were wielding a short sword.
 You had basic skill with short sword.

Final Attributes:
 You were fervently aligned.
 You were stealthy.
 You were warded.
 You are dead.

Miscellaneous:
 You didn't encounter any bones levels.
 Total elapsed playing time was 3 minutes and 37 seconds.

Major events:
 Turn
    1: Ch3Begorrah the chaotic male human Rogue entered the dungeon
  629: entered the Gnomish Mines
  634: killed by an arrow

You didn't know any spells.

Skills:
 Fighting Skills
   bare handed combat [Unskilled]
   two weapon combat  [Unskilled]
   riding             [Unskilled]
 Weapon Skills
   dagger             [Basic]
   knife              [Unskilled]
   short sword        [Basic]
   broadsword         [Unskilled]
   long sword         [Unskilled]
   two-handed sword   [Unskilled]
   saber              [Unskilled]
   club               [Unskilled]
   mace               [Unskilled]
   morning star       [Unskilled]
   flail              [Unskilled]
   hammer             [Unskilled]
   polearms           [Unskilled]
   spear              [Unskilled]
   crossbow           [Unskilled]
   dart               [Unskilled]
   shuriken           [Unskilled]
 Spellcasting Skills
   divination spells  [Unskilled]
   escape spells      [Unskilled]
   matter spells      [Unskilled]

Voluntary challenges:
 Character rerolling was not enabled.
 You went without food.
 You were an atheist.
 You were illiterate.
 You never genocided any monsters.
 You never polymorphed an object.
 You never changed form.
 You used no wishes.
Achievement:
 You entered the Gnomish Mines.

 The Dungeons of Doom: levels 1 to 3
    Level 1:
       An altar.
    Level 2:
       Stairs down to The Gnomish Mines.
    Level 3:
 The Gnomish Mines:
    Level 3: <- You were here.
       Final resting place for
          you, killed by an arrow.


Vanquished creatures:
  2 coyotes
  a green mold
  a red mold
  a gnome
  a jackal
  a kobold
  2 goblins
  5 grid bugs
  a lichen
  a kobold zombie
  a newt
17 creatures vanquished.

No species were genocided or became extinct.

Game over:
                       ----------
                      /          \
                     /    REST    \
                    /      IN      \
                   /     PEACE      \
                  /                  \
                  |   Ch3Begorrah    |
                  |      17 Au       |
                  |   killed by an   |
                  |      arrow       |
                  |                  |
                  |                  |
                  |       2026       |
                 *|     *  *  *      | *
        _________)/\\_//(\/(/\)/\//\/|_)_______

Goodbye Ch3Begorrah the Rogue...

You died in The Gnomish Mines on dungeon level 3 with 264 points,
and 17 pieces of gold, after 634 moves.
You were level 2 with a maximum of 16 hit points when you died.

